 Dungeon Sprint DCSS version 0.17-a0-1575-g9a29ec8 (webtiles) character file.

72 nuthulu the Cleaver (level 9, 0/91 HPs)
             Began as a Minotaur Berserker on July 26, 2015.
             Was an Elder of Trog.
             Slain by a boulder beetle (8 damage)
             ... in the Dungeon (Sprint VI: "Thunderdome").
             The game lasted 00:03:25 (411 turns).

nuthulu the Cleaver (Minotaur Berserker)             Turns: 411, Time: 00:03:25

Health: 0/91       AC: 10    Str: 21    XL:     9   Next: 2%
Magic:  0/0        EV: 16    Int:  7    God:    Trog [****..]
Gold:   7          SH:  0    Dex: 11    Spells: 0 memorised, 8 levels left

rFire  + + +     SeeInvis +     a - +0 hand axe
rCold  . . .     Clarity  .     p - +3 ring mail {rPois}
rNeg   . . .     SustAt   .     (no shield)
rPois  +         Gourm    .     (helmet restricted)
rElec  +         Spirit   .     (no cloak)
rCorr  .         Warding  .     (no gloves)
rMut   .         NoTele   +     (no boots)
MR     .....                    d - amulet "Menohoyr" {Inacc +Fly rF+}
Stlth  +++.......               r - ring of the Gastropod {rElec rPois MP-9 SInv Stlth+}
                                q - ring "Mulurph" {rF++ Int+3 Dex-3 SInv Stlth+}

@: very slightly contaminated, hasted, very quick, not resistant to hostile
enchantments, fairly stealthy
A: retaliatory headbutt, horns 2
a: Burn Spellbooks, Berserk, Trog's Hand, Brothers in Arms, Renounce Religion,
Evoke Flight


You were in the Dungeon.
You worshipped Trog.
Trog was greatly pleased with you.
You were hungry.

You visited 1 branch You collected 310 gold pieces.
You spent 303 gold pieces at shops.

Inventory:

Hand weapons
 a - a +0 hand axe (weapon)
Armour
 b - a +0 animal skin
 p - a +3 ring mail of poison resistance (worn)
Jewellery
 d - the amulet "Menohoyr" (around neck) {Inacc +Fly rF+}
   (You bought it in a shop in the Dungeon)

   [amulet of inaccuracy]

   It reduces the accuracy of all your attacks.
   It protects you from fire.
   It lets you fly.
 q - the ring "Mulurph" (left hand) {rF++ Int+3 Dex-3 SInv Stlth+}
   (You bought it in a shop in the Dungeon)

   [ring of stealth]

   It affects your intelligence (+3).
   It affects your dexterity (-3).
   It greatly protects you from fire.
   It lets you see invisible.
   It makes you more stealthy.
 r - the ring of the Gastropod (right hand) {rElec rPois MP-9 SInv Stlth+}
   (You bought it in a shop in the Dungeon)

   [ring of stealth]

   It insulates you from electricity.
   It protects you from poison.
   It affects your magic capacity (-9).
   It lets you see invisible.
   It makes you more stealthy.
Magical devices
 j - a wand of cold (3)
 k - a wand of fire (5)
 o - a wand of magic darts (15)
Scrolls
 i - 4 scrolls of blinking
 l - 3 scrolls of fog
Potions
 f - 3 potions of haste
 g - 2 potions of magic
 h - a potion of berserk rage
 m - a potion of resistance
 n - 2 potions of might
Comestibles
 c - a bread ration


   Skills:
 + Level 12.3 Fighting
 + Level 12.4 Axes
 + Level 12.2 Armour
 + Level 11.3 Dodging


You had 8 spell levels left.
You didn't know any spells.

Dungeon Overview and Level Annotations

Branches:
Dungeon (1/1)

Altars:
Cheibriados
Dithmenos
Fedhas
Gozag
Kikubaaqudgha
Makhleb
Okawaru
Qazlal
Ru
Sif Muna
Trog
Vehumet
Xom
Yredelemnul
Zin
The Shining One
Jiyva
Lugonu

Shops:
D *[%??*?*:[((!!!!


Innate Abilities, Weirdness & Mutations

You reflexively headbutt those who attack you in melee.
You have a pair of horns on your head.


Message History

You hit the boulder beetle but do no damage.
The boulder beetle is lightly wounded.
You slash the boulder beetle!
You headbutt the boulder beetle, but do no damage.
The boulder beetle is lightly wounded.
The boulder beetle bites you.
* * * LOW HITPOINT WARNING * * *
You hit the boulder beetle but do no damage.
You headbutt the boulder beetle, but do no damage.
The boulder beetle is lightly wounded.
You hit the boulder beetle.
You headbutt the boulder beetle, but do no damage.
The boulder beetle is lightly wounded.
You hit the boulder beetle but do no damage.
Your headbutt misses the boulder beetle.
The boulder beetle is lightly wounded.
You hit the boulder beetle but do no damage.
The boulder beetle is lightly wounded.
The boulder beetle bites you!
You die...

#∩.......∩# #........_#
#.....[...# #........_#
###.........##
#⌠...........⌠
######.8.........8.
##∩___......###.....
###∩.@B†....8.# #.8...
##.............###.....
#⌠..........###...###..
#⌠..........# #.<.# #..
#⌠..........###...###..
##.............###.....
###∩........8.# #.8...
##∩___......###.....
######.8.........8.


You could see a boulder beetle.

Vanquished Creatures
  A sixfirhy (D)
  An orange demon (D)
  3 hellwings (D)
  Sigmund (D)
  A spider (D)
  2 necrophages (D)
  3 scorpions (D)
  Jessica (D)
  Terence (D)
  An adder skeleton (D)
  A bat skeleton (D)
  3 bat zombies (D)
  A quokka (D)
20 creatures vanquished.

Notes
Turn   | Place    | Note
--------------------------------------------------------------
     0 | D        | nuthulu the Minotaur Berserker began the quest for the Orb.
     0 | D        | Reached XP level 1. HP: 19/19 MP: 0/0
     1 | D        | Found an ancient bone altar of Kikubaaqudgha.
     1 | D        | Found a blossoming altar of Fedhas.
     2 | D        | Found a stormy altar of Qazlal.
     3 | D        | Found a burning altar of Makhleb.
     3 | D        | Found a bloodstained altar of Trog.
     4 | D        | Found Cusidaing's Do-It-Yourself Clinic.
     4 | D        | Found a sacrificial altar of Ru.
     4 | D        | Found a deep blue altar of Sif Muna.
     4 | D        | Found Siabadit's Distillery.
     5 | D        | Found Iddiyt's Bottled Wisdom.
     5 | D        | Found Inacojez's Distillery.
     5 | D        | Round 1.
     8 | D        | Found a corrupted altar of Lugonu.
    12 | D        | Bought 6 potions of might for 168 gold pieces
    16 | D        | Found a viscous altar of Jiyva.
    18 | D        | Found Piplunwy's Staff Store.
    19 | D        | Found Ygateun's Magic Scroll Shop.
    19 | D        | Found Joenaw's Must-Have Magic.
    19 | D        | Found Avaghoh's Magic Scroll Shop.
    19 | D        | Noticed Sigmund
    26 | D        | Killed Sigmund
    26 | D        | Reached skill level 7 in Fighting
    26 | D        | Reached XP level 2. HP: 14/34 MP: 1/1
    26 | D        | Reached XP level 3. HP: 15/39 MP: 2/2
    26 | D        | Reached XP level 4. HP: 18/47 MP: 3/3
    26 | D        | Reached XP level 5. HP: 20/52 MP: 4/4
    29 | D        | Found a glowing golden altar of the Shining One.
    32 | D        | Found a glowing silver altar of Zin.
    38 | D        | Acquired Trog's second power
    50 | D        | Noticed Jessica
    50 | D        | Found a shadowy altar of Dithmenos.
    52 | D        | Noticed Terence
    59 | D        | Killed Jessica
    60 | D        | Killed Terence
    60 | D        | Arena points: 12 (+12) [x2]
    83 | D        | Found Rurei's Bee Food.
    83 | D        | Found Naowuneez's Jewellery.
    84 | D        | Found Archoeclai's Advanced Armour.
    85 | D        | Found a snail-covered altar of Cheibriados.
    85 | D        | Found a shimmering altar of Xom.
    85 | D        | Found an iron altar of Okawaru.
    85 | D        | Found Libriw's Identification Station.
    90 | D        | Bought a heavily runed wooden ring for 45 gold pieces
    90 | D        | Identified the ring "Mulurph" {rF++ Int+3 Dex-3 SInv Stlth+} (You bought it in a shop in the Dungeon)
    98 | D        | Found a radiant altar of Vehumet.
    99 | D        | Found an opulent altar of Gozag.
   100 | D        | Found Satotost's Premium Goods.
   101 | D        | Found Gaonn's Miscellaneous Merchandise.
   101 | D        | Found Degifime's Basic Armour.
   102 | D        | Found a basalt altar of Yredelemnul.
   102 | D        | Found Tikkubb's Weapon Rack.
   123 | D        | Round 2.
   125 | D        | Noticed a necrophage
   125 | D        | Noticed a necrophage
   135 | D        | Killed a necrophage
   135 | D        | Reached skill level 8 in Fighting
   135 | D        | Reached XP level 6. HP: 36/62 MP: 5/5
   138 | D        | Killed a necrophage
   138 | D        | Reached skill level 9 in Fighting
   178 | D        | Arena points: 54 (+42) [x3]
   188 | D        | Bought a coiled bronze ring for 45 gold pieces
   188 | D        | Identified the ring of the Gastropod {rElec rPois MP-9 SInv Stlth+} (You bought it in a shop in the Dungeon)
   203 | D        | Round 3.
   204 | D        | Noticed a sixfirhy
   204 | D        | Noticed a hellwing
   217 | D        | Killed a sixfirhy
   217 | D        | Reached skill level 10 in Fighting
   217 | D        | Reached skill level 10 in Axes
   217 | D        | Reached skill level 10 in Armour
   217 | D        | Reached XP level 7. HP: 24/72 MP: 0/6
   220 | D        | HP: 2/72 [hellwing (11)]
   225 | D        | Killed a hellwing
   307 | D        | Noticed an orange demon
   308 | D        | Noticed a hellwing
   312 | D        | Noticed a hellwing
   319 | D        | Killed an orange demon
   319 | D        | Reached skill level 11 in Fighting
   319 | D        | Reached skill level 10 in Dodging
   319 | D        | Reached XP level 8. HP: 28/82 MP: 0/7
   328 | D        | Killed a hellwing
   328 | D        | Acquired Trog's third power
   330 | D        | HP: 5/124 [hellwing (5)]
   334 | D        | Killed a hellwing
   334 | D        | Reached skill level 12 in Fighting
   338 | D        | Noticed a rust devil
   342 | D        | HP: 2/83 [rust devil (3)]
   349 | D        | Arena points: 72 (+18) [x1]
   359 | D        | Round 4.
   377 | D        | Noticed a boulder beetle
   391 | D        | HP: 4/83 [scorpion (2)]
   398 | D        | Reached XP level 9. HP: 8/91 MP: 0/8
   402 | D        | Bought a steaming sapphire amulet for 45 gold pieces
   402 | D        | Identified the amulet "Menohoyr" {Inacc +Fly rF+} (You bought it in a shop in the Dungeon)
   411 | D        | Slain by a boulder beetle

Vault maps used:
D:        arena_sprint

Action                   |  1- 3 |  4- 6 |  7- 9 || total
-------------------------+-------+-------+-------++-------
Melee: Hand axe          |     3 |    24 |    43 ||    70
Invok: Berserk           |     1 |       |     1 ||     2
Evoke: Wand              |       |       |     2 ||     2
  Use: Potion            |       |     5 |     6 ||    11
